 Dungeon Crawl Stone Soup version 0.29.1-4-g47bece8355 (webtiles) character file.

Game seed: 6636402434168126072

2 H0rd4k the Charlatan (level 1, -2/13 HPs)
             Began as an Octopode Artificer on Dec 2, 2022.
             Slain by a quokka (5 damage)
             ... on level 1 of the Dungeon.
             The game lasted 00:00:15 (202 turns).

H0rd4k the Charlatan (Octopode Artificer)            Turns: 202, Time: 00:00:16

Health: -2/13      AC:  1    Str: 11    XL:     1   Next: 30%
Magic:  1/1        EV: 13    Int: 13    God:
Gold:   34         SH:  0    Dex: 12    Spells: 0/0 levels left

rFire   . . .      SeeInvis .   (no weapon)
rCold   . . .      Faith    .   (no shield)
rNeg    . . .      Spirit   .   (helmet restricted)
rPois   .          Reflect  .   (no amulet)
rElec   .          Harm     .   (no ring)
rCorr   .          Rampage  .   (no ring)
Will    .....                   (no ring)
Stlth   +++.......              (no ring)
HPRegen 0.04/turn               (no ring)
MPRegen 0.07/turn               (no ring)
                                (no ring)
                                (no ring)

@: no status effects
A: almost no armour, amphibious, 8 rings, camouflage 1, gelatinous body 1,
(nimble swimmer 1), tentacles
a: no special abilities


You were on level 1 of the Dungeon.
You visited 1 branch of the dungeon, and saw 1 of its levels.

You collected 34 gold pieces.

Inventory:

Missiles
 a - 5 poisoned darts
Wands
 b - a wand of flame (15) (quivered)
 c - a wand of charming (15)
 d - a wand of iceblast (5)


   Skills:
 * Level 1.2 Fighting
 - Level 2.3 Dodging
 - Level 1.3 Stealth
 * Level 0.1 Spellcasting
 - Level 3.2 Evocations


You couldn't memorise any spells.
You didn't know any spells.
Your spell library was empty.

Dungeon Overview and Level Annotations

Branches:
Dungeon (1/15)

Altars:


Innate Abilities, Weirdness & Mutations

You cannot wear most types of armour.
You are amphibious.
You can wear up to eight rings at the same time.
Your skin changes colour to match your surroundings (Stealth+).
Your rubbery body absorbs attacks. (AC +1, EV +1)
((You are camouflaged when in or above water. (Stealth+)))
You have tentacles for arms and can constrict up to eight enemies at once.


Message History

There are monsters nearby!
The ball python bites you but does no damage.
The ball python closely misses you.
You closely miss the ball python. Your grab misses the ball python.
The ball python barely misses you. x2; The quokka closely misses you.
The ball python attacks as you move away!
The ball python bites you. The ball python closely misses you.
The quokka attacks as you move away!
The quokka bites you but does no damage.
The ball python bites you. The ball python closely misses you.
You closely miss the ball python. Your grab misses the ball python.
The ball python barely misses you. The ball python grabs you.
The ball python constricts you.
You closely miss the ball python. Your grab misses the ball python.
The ball python barely misses you. The ball python constricts you.
You barely miss the ball python. You grab the ball python.
You squeeze the ball python, but do no damage.
You constrict the ball python. The ball python completely misses you.
The ball python constricts you.
You tentacle-slap the ball python but do no damage.
The ball python is moderately wounded.
You constrict the ball python. The ball python bites you.
The ball python constricts you.
You tentacle-slap the ball python but do no damage.
You squeeze the ball python.
You kill the ball python!
You closely miss the quokka. Your grab misses the quokka. The quokka bites you.
The endoplasm freezes you.
You are frozen.
The quokka barely misses you.
You tentacle-slap the quokka but do no damage.
You grab the quokka.
You constrict the quokka, but do no damage.
The quokka misses you. The endoplasm freezes you.
You are frozen.
* * * LOW HITPOINT WARNING * * *
You tentacle-slap the quokka.
The quokka is heavily wounded.
You constrict the quokka. The quokka bites you.
You die...

#.#............#
#.#....#.......#
#......#.......#
##..##.#.......#####
#..##.#...........#
#.....###########.###
#.....# ≈≈≈≈≈≈≈.≈≈≈
#..##J# ######♣##'##♣
#..r@.# #..8#~♣~#'#
#.##### #...##8##.##8
#.....# #...'........
#.....# #...###8#+#8#
##..... #8.8##♣##+##♣
####.. ##'##♣~.....~
+... #.##♣.......
#... ###.8#........
#.........
#~#.##...~♣~..


You could see an endoplasm and a quokka.

Vanquished Creatures
  A ball python (D:1)
  A goblin (D:1)
2 creatures vanquished.

Notes
Turn   | Place    | Note
-------+----------+-------------------------------------------
     0 | D:1      | H0rd4k the Octopode Artificer began the quest for the Orb.
     0 | D:1      | Reached XP level 1. HP: 13/13 MP: 1/1
   202 | D:1      | Slain by a quokka

Illustrated notes

Levels and vault maps discovered:
D:1:      saegor_arrival_fortress, layout_basic, minivault_19,
          amethyst_killhole, minmay_door_square

Action                   || total
-------------------------++-------
Melee: Unarmed           ||    11
       Tentacles         ||     3
       Constrict         ||     2
Armor: Skin              ||     2
Dodge: Dodged            ||    12
